 Dungeon Crawl Stone Soup version 0.17.0-7-gfadd4cc (webtiles) character file.

2599 dorian the Cleaver (level 9, -1/70 HPs)
             Began as a Minotaur Fighter on Nov 8, 2015.
             Was an Initiate of Ru.
             Slain by a manticore (5 damage)
             ... on level 7 of the Dungeon.
             The game lasted 00:10:01 (5412 turns).

dorian the Cleaver (Minotaur Fighter)               Turns: 5412, Time: 00:10:01

Health: -1/70      AC: 12    Str: 29    XL:     9   Next: 33%
Magic:  8/8        EV:  7    Int:  5    God:    Ru [......]
Gold:   302        SH: 13    Dex: 10    Spells: 0 memorised, 8 levels left

rFire  . . .     SeeInvis .     B - +2 flail (crush)
rCold  . . .     Clarity  +     r - +0 chain mail
rNeg   . . .     SustAt   .     c - +1 shield
rPois  .         Gourm    .     (helmet restricted)
rElec  .         Spirit   .     (no cloak)
rCorr  .         Warding  .     k - +0 pair of gloves
rMut   .         Stasis   .     (no boots)
MR     +....                    G - amulet of clarity
Stlth  ..........               E - ring of protection from magic
                                (no ring)

@: mighty, somewhat resistant to hostile enchantments, extremely unstealthy
A: retaliatory headbutt, horns 2
a: Renounce Religion


You were on level 7 of the Dungeon.
You worshipped Ru.
Ru was noncommittal.
You were not hungry.

You visited 1 branch of the dungeon, and saw 7 of its levels.

You collected 302 gold pieces.

Inventory:

Hand Weapons
 a - a +0 war axe
 B - a +2 flail of crushing (weapon)
Armour
 b - a +0 scale mail
 c - a +1 shield (worn)
 k - a +0 pair of gloves (worn)
 r - a +0 chain mail (worn)
Jewellery
 q - an uncursed amulet of regeneration
 w - an uncursed ring of fire
 E - a ring of protection from magic (right hand)
 G - an amulet of clarity (around neck)
Wands
 m - a wand of slowing (19)
 t - a wand of confusion (32)
 y - a wand of digging (24)
 D - a wand of frost (22)
 H - a wand of cold (10)
Scrolls
 f - 4 scrolls of fog
 h - a scroll of enchant armour
 i - 5 scrolls of identify
 o - 3 scrolls of amnesia
 u - a scroll of recharging
 v - a scroll of teleportation
 A - a scroll of remove curse
Potions
 d - a potion of might
 g - a potion of ambrosia {unknown}
 j - 2 potions of agility {unknown}
 l - 2 potions of magic {unknown}
 p - 2 potions of cure mutation {unknown}
 x - 3 potions of lignification {unknown}
 z - a potion of mutation {unknown}
 C - 2 potions of curing {unknown}
Books
 s - a book of Battle

   Spells                             Type                      Level
   a - Infusion                       Charms                       1
   b - Shroud of Golubria             Charms/Translocation         2
   c - Song of Slaying                Charms                       2
   d - Spectral Weapon                Hexes/Charms                 3
   e - Regeneration                   Charms/Necromancy            3
Comestibles
 e - 6 bread rations
 n - 4 meat rations
 F - a slice of pizza
 I - 4 chunks of flesh


   Skills:
 - Level 3.6 Fighting
 * Level 10.2 Axes
 + Level 9.0 Armour
 + Level 8.9 Shields


You had 8 spell levels left.
You didn't know any spells.

Dungeon Overview and Level Annotations

Branches:
Dungeon (7/15)
 Temple: D:4-7

Altars:
Ashenzari
Cheibriados
Dithmenos
Nemelex Xobeh
Ru
Sif Muna
Yredelemnul
Zin

Annotations:
D:7 Prince Ribbit


Innate Abilities, Weirdness & Mutations

You reflexively headbutt those who attack you in melee.
You have a pair of horns on your head.


Message History

The manticore claws you but does no damage.
You sock the manticore!
The manticore is severely wounded.
The manticore bites you.
* * * LOW HITPOINT WARNING * * *
You block the manticore's attack. The manticore claws you.
* * * LOW HITPOINT WARNING * * *
You sock the manticore!
The manticore is almost dead.
You block the manticore's attack.
The manticore claws you but does no damage.
You block the manticore's attack. x2
The manticore completely misses you.
The manticore claws you but does no damage.
You hit the manticore.
The manticore is almost dead.
You block the manticore's attack. The manticore claws you!
* * * LOW HITPOINT WARNING * * *
The manticore claws you.
You die...

# #. #.. ##.# ..#...###
### ⌠...⌠.H.# ##.# #@#
#... #.# #######.# #.##
##....##.# #..#
#......#..
#..######.........
######..(..............
#......(######.........
#......># ##....#...
#.....).# #.####...


You could see a manticore.

Vanquished Creatures
  Pikel (D:5)
  Grinder (D:5)
  Sigmund (D:2)
  Eustachio (D:6)
  An ice beast (D:7)
  An orc warrior (D:7)
  A water moccasin (D:6)
  A slave (D:4)
  A necrophage (D:6)
  3 centaurs
  An ogre (D:5)
  3 giant frogs
  4 wights (D:7)
  2 hounds
  An orc priest (D:5)
  A centaur zombie (D:7)
  2 crimson imps (D:6)
  2 giant frog skeletons
  Ijyb (D:3)
  2 orc wizards
  2 worker ants (D:6)
  A shadow imp (D:7)
  15 adders
  An ooze (D:1)
  An adder skeleton (D:6)
  An adder zombie (D:6)
  2 worms (D:2)
  3 giant geckos
  15 orcs
  3 bats
  3 giant cockroaches
  11 hobgoblins
  2 jackals (D:3)
  2 quokkas
  A ball python (D:3)
  A giant newt (D:6)
  9 goblins
  3 kobolds
  5 rats
112 creatures vanquished.

Vanquished Creatures (others)
  A crimson imp (D:5)
1 creature vanquished.

Grand Total: 113 creatures vanquished

Notes
Turn   | Place    | Note
--------------------------------------------------------------
     0 | D:1      | dorian the Minotaur Fighter began the quest for the Orb.
     0 | D:1      | Reached XP level 1. HP: 19/19 MP: 0/0
   248 | D:1      | Reached XP level 2. HP: 24/26 MP: 1/1
   776 | D:2      | Reached skill level 4 in Armour
   777 | D:2      | Noticed Sigmund
   784 | D:2      | Killed Sigmund
   784 | D:2      | Reached skill level 5 in Armour
   784 | D:2      | Reached XP level 3. HP: 21/31 MP: 2/2
   784 | D:2      | Reached XP level 4. HP: 26/39 MP: 3/3
   784 | D:2      | Reached XP level 5. HP: 30/45 MP: 4/4
   784 | D:2      | Reached skill level 5 in Shields
  1308 | D:3      | Noticed Ijyb
  1313 | D:3      | Killed Ijyb
  1313 | D:3      | Reached XP level 6. HP: 51/51 MP: 5/5
  2197 | D:4      | Found a sacrificial altar of Ru.
  2198 | D:4      | Found a glowing silver altar of Zin.
  2202 | D:4      | Found a shadowy altar of Dithmenos.
  2206 | D:4      | Became a worshipper of Ru the Awakened
  2599 | D:5      | Entered Level 5 of the Dungeon
  2599 | D:5      | Noticed Pikel
  2675 | D:4      | Reached skill level 5 in Axes
  2751 | D:5      | Found a shattered altar of Ashenzari.
  2771 | D:5      | Found a basalt altar of Yredelemnul.
  2930 | D:5      | Reached skill level 6 in Armour
  3019 | D:5      | Found a snail-covered altar of Cheibriados.
  3173 | D:5      | Reached XP level 7. HP: 48/57 MP: 6/6
  3221 | D:5      | Killed Pikel
  3221 | D:5      | Reached skill level 7 in Axes
  3296 | D:5      | Reached XP level 8. HP: 64/64 MP: 7/7
  3405 | D:5      | Noticed Grinder
  3406 | D:5      | Paralysed by Grinder for 6 turns
  3425 | D:5      | Paralysed by Grinder for 4 turns
  3432 | D:5      | Killed Grinder
  3432 | D:5      | Reached skill level 8 in Axes
  3717 | D:6      | Noticed Eustachio
  3724 | D:6      | Killed Eustachio
  4291 | D:6      | Reached skill level 9 in Axes
  4721 | D:6      | Reached XP level 9. HP: 63/70 MP: 8/8
  4752 | D:7      | Found a sparkling altar of Nemelex Xobeh.
  4793 | D:7      | Found a deep blue altar of Sif Muna.
  4909 | D:7      | Reached skill level 10 in Axes
  5114 | D:7      | Noticed Prince Ribbit
  5403 | D:7      | Noticed a manticore
  5412 | D:7      | Slain by a manticore

Action                   |  1- 3 |  4- 6 |  7- 9 || total
-------------------------+-------+-------+-------++-------
Melee: War axe           |    30 |   129 |       ||   159
       Flail             |       |     8 |   209 ||   217
Invok: Reject Sacrifices |       |     1 |     1 ||     2
  Use: Scroll            |       |     2 |     6 ||     8
       Potion            |       |       |     1 ||     1
  Eat: Chunk             |       |     6 |     8 ||    14
       Pizza             |       |     1 |       ||     1
